AoeStats
← tigremaster

Arena

509705933Analyzed
4v4 RM · 4d ago on Sep 27, 2026· 39m 39s· 8 players
Game mode
Random Map
Map size
Large (8 player)
Population
200
Speed
Normal
Resources
Standard
Victory
Conquest
Starting age
Dark Age
Ending age
Imperial Age
RankedLock teamsTeams togetherTeam positionsShared explorationLock speedFull tech treeHidden civsTurbo modeCheats
Victory
Defeat
🇦🇷 Berbers · Argentina
1338
+10
🇦🇷 Poles · Argentina
1263
+13
🇪🇨 Malay · Ecuador
1167
+17
🇦🇷 Saracens · Argentina
1081
+22
🇬🇧 Shu · United Kingdom
1228
-17
🇩🇪 Berbers · Germany
1202
-16
🇵🇱 Vietnamese · Poland
1200
-15
🇨🇦 Persians · Canada
1166
-14
Chasers
11:15 Feudal Age
12:11 Loom
15:08 Castle Age
13:34 Double-Bit Axe
16:46 Forging
23:38 Wheelbarrow
24:33 Horse Collar
27:33 Gold Mining
28:09 Heavy Plow
30:41 Imperial Age
28:45 Bloodlines
28:36 Husbandry
29:39 Gold Shaft Mining
29:59 Iron Casting
29:30 Scale Barding Armor
30:53 Bow Saw
31:29 Crop Rotation
30:52 Heavy Camel Rider
32:25 Hand Cart
34:51 Blast Furnace
34:11 Chain Barding Armor
35:13 Chemistry
37:12 Two-Man Saw
36:42 Ballistics
36:33 Masonry
36:38 Cavalier
38:14 Savar
I Raided Riley
8:18 Loom
10:03 Feudal Age
12:39 Double-Bit Axe
15:30 Castle Age
18:16 Horse Collar
McLagan
10:42 Feudal Age
14:54 Castle Age
14:14 Double-Bit Axe
15:53 Bow Saw
18:50 Loom
23:24 Scale Mail Armor
25:51 Forging
30:21 Chain Mail Armor
knottovich
10:14 Feudal Age
14:15 Castle Age
12:02 Horse Collar
13:24 Double-Bit Axe
17:04 Scale Barding Armor
21:23 Wheelbarrow
22:28 Forging
23:08 Husbandry
23:41 Bloodlines
25:13 Chain Barding Armor
26:42 Gold Mining
30:03 Iron Casting
32:56 Hand Cart
34:28 Loom
Nelware1
5:09 Loom
11:18 Feudal Age
12:34 Wheelbarrow
15:44 Castle Age
16:44 Scale Barding Armor
19:24 Forging
27:49 Wheelbarrow
32:46 Double-Bit Axe
34:52 Pikeman
35:43 Gold Mining
35:45 Stone Mining
37:18 Gold Shaft Mining
40:30 Stone Shaft Mining
kei 2026
5:36 Loom
8:09 Feudal Age
8:41 Double-Bit Axe
11:56 Fletching
11:55 Horse Collar
20:53 Castle Age
22:02 Bow Saw
22:54 Heavy Plow
24:29 Wheelbarrow
24:41 Gold Mining
30:09 Imperial Age
29:05 Hand Cart
29:55 Town Watch
30:20 Bodkin Arrow
31:12 Bracer
31:47 Crop Rotation
32:03 Padded Archer Armor
32:03 Crossbowman
34:05 Chemistry
33:35 Leather Archer Armor
32:53 Arbalester
34:47 Ballistics
36:18 Thumb Ring
37:33 Forging
38:15 Scale Barding Armor
39:48 Chain Barding Armor
40:03 Iron Casting
tafarafa
5:37 Loom
7:58 Feudal Age
9:09 Double-Bit Axe
11:43 Town Watch
12:29 Fletching
17:25 Scale Mail Armor
23:38 Castle Age
22:06 Stone Mining
23:29 Forging
24:36 Bodkin Arrow
25:13 Bow Saw
24:46 Horse Collar
26:31 Guard Tower
28:22 Ballistics
31:16 Scale Barding Armor
32:10 Padded Archer Armor
32:55 Heavy Plow
34:10 Leather Archer Armor
35:31 Bloodlines
35:22 Murder Holes
36:50 Wheelbarrow
39:29 Imperial Age
37:09 Husbandry
37:19 Pikeman
38:15 Masonry
38:46 Chain Mail Armor
40:32 Iron Casting
tigremaster
10:23 Feudal Age
12:33 Double-Bit Axe
17:03 Castle Age
14:50 Horse Collar
15:31 Forging
15:48 Gold Mining
18:19 Wheelbarrow
19:49 Husbandry
21:52 Bloodlines
23:26 Heavy Plow
24:12 Scale Barding Armor
25:27 Scale Mail Armor
26:03 Iron Casting
28:29 Chain Barding Armor
31:53 Bow Saw
33:06 Scale Mail Armor
35:13 Town Watch
35:45 Hand Cart
39:36 Imperial Age
39:46 Loom
40:03 Town Patrol
39:39 Heavy Camel Rider
Connection lost

Rejoining the realm…

Still unreachable

The connection could not be restored.

Session expired

The server has moved on; the page needs a fresh start.